 Dungeon Crawl Stone Soup version 0.31-a0-233-g139696dc86 (webtiles) character file.

Game seed: 6038662894074005779

67 qw the Shooter (level 4, -2/36 HPs)
             Began as a Minotaur Hexslinger on July 8, 2023.
             Slain by a gnoll sergeant
             ... wielding a +0 trident
              (6 damage)
             ... on level 3 of the Dungeon.
             The game lasted 00:00:41 (2097 turns).

qw the Shooter (Minotaur Hexslinger)                Turns: 2097, Time: 00:00:42

Health: -2/36      AC:  6    Str: 13    XL:     4   Next: 0%
Magic:  4/4        EV: 11    Int: 10    God:
Gold:   72         SH:  0    Dex: 16    Spells: 4/5 levels left

rFire   x . .        Y - +1 sling
rCold   . . .        (no shield)
rNeg    . . .        c - +1 ring mail "Meroodgh" {rPois rF- Dex+2}
rPois   +            (helmet restricted)
rElec   .            (no cloak)
rCorr   .            (no gloves)
SInv    +            (no boots)
Will    .....        (no amulet)
Stlth   +            f - ring of see invisible
HPRegen 0.26/turn    (no ring)
MPRegen 0.09/turn

%: no passive effects
@: about to teleport
A: horns 2, retaliatory headbutt
a: no special abilities


You were on level 3 of the Dungeon.
You visited 1 branch of the dungeon, and saw 3 of its levels.

You collected 72 gold pieces.


Innate Abilities, Weirdness & Mutations

You have a pair of horns on your head.
You reflexively headbutt those who attack you in melee.


   Skills:
 - Level 2.0 Fighting
 + Level 4.3 Ranged Weapons
 - Level 1.0 Armour
 - Level 2.1 Dodging
 - Level 1.0 Spellcasting
 - Level 2.0 Hexes


You had 4 spell levels left.
You knew the following spells:

 Your Spells              Type           Power      Damage    Failure   Level
a - Slow                  Hex            16%        N/A       32%         1

Your spell library contained the following spells:

 Spells                   Type           Power      Damage    Failure   Level
 Inner Flame              Hex/Fire       2%         N/A       82%         3
 Portal Projectile        Hex/Tloc       4%         N/A       82%         3
 Cause Fear               Hex            2%         N/A       97%         4

Inventory:

Hand Weapons
 Y - a +1 sling (weapon)
Armour
 c - the +1 ring mail "Meroodgh" (worn) {rPois rF- Dex+2}
   (You found it on level 2 of the Dungeon)

   Dex:       It affects your dexterity (+2).
   rF:        It makes you vulnerable to fire.
   rPois:     It protects you from poison.
 e - a +0 ring mail
Jewellery
 b - a ring of fire
 f - a ring of see invisible (left hand)
Potions
 j - a potion of lignification {unknown}
 k - a potion of curing
 l - a potion of brilliance {unknown}

Dungeon Overview and Level Annotations

Branches:
Dungeon (3/15)

Altars:

Annotations:
D:2 1 runed translucent door, Crazy Yiuf


Message History

You shoot a sling bullet.
The sling bullet closely misses the gnoll sergeant.
You shoot a sling bullet.
The sling bullet barely misses the gnoll sergeant.
You shoot a sling bullet.
The sling bullet closely misses the gnoll.
You shoot a sling bullet.
The sling bullet barely misses the gnoll.
A gnoll comes into view. It is wielding a +0 whip.
A gnoll comes into view. It is wielding a +0 halberd.
You shoot a sling bullet. The gnoll shouts! x2
The sling bullet hits the gnoll.
The gnoll is lightly wounded.
The gnoll sergeant hits you from afar with a +0 trident.
You shoot a sling bullet.
The sling bullet hits the gnoll sergeant.
The gnoll sergeant is moderately wounded.
An adder comes into view.
The gnoll sergeant closely misses you.
You shoot a sling bullet. The adder hisses angrily.
The sling bullet hits the gnoll sergeant but does no damage.
The gnoll sergeant is moderately wounded.
The gnoll sergeant barely misses you.
You shoot a sling bullet.
The sling bullet hits the gnoll but does no damage.
The gnoll is lightly wounded.
The gnoll sergeant closely misses you. The gnoll hits you with a +0 whip.
You shoot a sling bullet. The sling bullet hits the gnoll.
The gnoll is heavily wounded.
The gnoll sergeant hits you from afar with a +0 trident!
The gnoll barely misses you. You furiously retaliate!
You headbutt the gnoll. The gnoll hits you with a +0 whip.
The gnoll sergeant hits you from afar with a +0 trident!
2097 ||| READING scroll of teleportation.
As you read the scroll of teleportation, it crumbles to dust.
You feel strangely unstable.
The gnoll sergeant hits you from afar with a +0 trident.
You die...

#. ###. ...... ..>........
###.. ...... .... ..... #.
.... #..###.. ...# ...
#...####........##gg##....
#.......#(.....g@.........
#.........................
#......#..###..#.........
#......+.......#.#####.##
##......#.....#...#####.
#.......#.....#%........#
#...##'##.....#..........
#...##.##..###.....###.##
#...#..............# ..


You could see a gnoll sergeant and 2 gnolls.

Vanquished Creatures
  An adder (D:3)
  A worm (D:2)
  An orc (D:3)
  2 endoplasms
  6 giant cockroaches
  3 goblins
  5 hobgoblins
  9 jackals (D:1)
  3 kobolds
  2 quokkas (D:1)
  2 ball pythons
  7 bats
  3 frilled lizards
  A rat (D:1)
46 creatures vanquished.

Notes
Turn   | Place    | Note
-------+----------+-------------------------------------------
     0 | D:1      | qw the Minotaur Hexslinger began the quest for the Orb.
     0 | D:1      | Reached XP level 1. HP: 16/16 MP: 1/1
     0 | D:1      | 0 ||| qw: Version: 0.3-a-46-gb1f654a
     0 | D:1      | 0 ||| qw: Game counter: 3603
     0 | D:1      | 0 ||| qw: Melee chars always use a shield: true
     0 | D:1      | 0 ||| qw: God list: Okawaru
     0 | D:1      | 0 ||| qw: Allow faded altars: false
     0 | D:1      | 0 ||| qw: Do Orc after clearing Dungeon:15 true
     0 | D:1      | 0 ||| qw: Do second Lair branch before Depths: true
     0 | D:1      | 0 ||| qw: Lair rune preference: random
     0 | D:1      | 0 ||| qw: Goals: Normal
     0 | D:1      | 0 ||| PLANNING D:1-11
    75 | D:1      | Reached skill level 3 in Ranged Weapons
    76 | D:1      | Reached XP level 2. HP: 20/23 MP: 2/2
   593 | D:1      | Reached XP level 3. HP: 18/29 MP: 3/3
   931 | D:1      | 931 ||| UPGRADING to +0 ring mail.
   941 | D:1      | 941 ||| DROPPING +0 robe.
   942 | D:1      | 942 ||| READING scroll labelled HASUAKHL VEUBBUAZA.
   943 | D:1      | 943 ||| READING scroll labelled HUASEKL KEOB.
   944 | D:1      | 944 ||| READING scroll labelled NURUGA IRCHAHE.
   945 | D:1      | 945 ||| READING scroll labelled JAEGAEFF XUCYE.
   946 | D:1      | 946 ||| DRINKING 2 glowing sapphire potions.
   947 | D:1      | 947 ||| DRINKING 2 viscous brown potions.
   948 | D:1      | 948 ||| DROPPING scroll of poison.
   949 | D:1      | 949 ||| DROPPING potion of invisibility.
  1258 | D:2      | Found a faded altar of an unknown god.
  1319 | D:2      | Found a runed translucent door.
  1320 | D:2      | Noticed Crazy Yiuf
  1456 | D:2      | Reached skill level 4 in Ranged Weapons
  1461 | D:2      | Identified the +1 ring mail "Meroodgh" {rPois rF- Dex+2}
  1671 | D:2      | Reached skill level 1 in Armour
  1892 | D:2      | 1892 ||| UPGRADING to +1 ring mail "Meroodgh" {rPois rF-
                  | Dex+2}.
  1902 | D:2      | 1902 ||| UPGRADING to ring of see invisible.
  1903 | D:2      | 1903 ||| READING 2 scrolls labelled CAAFFE XIEWI.
  1966 | D:2      | 1966 ||| READING scroll labelled XOFOLI KELIO.
  2070 | D:3      | Reached XP level 4. HP: 33/36 MP: 4/4
  2085 | D:3      | Noticed a gnoll sergeant
  2096 | D:3      | HP: 4/36 [gnoll sergeant/+0 trident (9)]
  2097 | D:3      | 2097 ||| READING scroll of teleportation.
  2097 | D:3      | Slain by a gnoll sergeant

Levels and vault maps discovered:
D:1:      sevenhm_arrival_forest_fort_small_4, layout_loops_corners
D:2:      layout_loops_corners, ebering_ecumenical_altar_webs,
          uniq_crazy_yiuf_cottage
D:3:      layout_basic, mainiacjoe_overflow_alcove_4, minmay_goblin_outpost,
          uniq_jessica

Skill      XL: |  1  2  3 |
---------------+----------+-----
Ranged Weapons | 3 4 |  4.3
Fighting       | 2 |  2.0
Armour         | 1 |  1.0
Dodging        | |  2.1
Spellcasting   | |  1.0
Hexes          | |  2.0

Action                     |  1- 3 |  4- 6 || total
---------------------------+-------+-------++-------
   Fire: Sling             |   147 |    10 ||   157
    Use: Scroll            |     6 |     1 ||     7
         Potion            |     2 |       ||     2
 Armour: Robe              |     7 |       ||     7
         Ring mail         |    22 |       ||    22
  Dodge: Dodged            |    51 |     4 ||    55

Table legend:
 A = Non-vault XP
 B = Vault XP
 C = Vault XP percentage of total XP
 D = Non-vault monster count
 E = Vault monster count
 F = Vault count percentage of total count
                 A         B        C        D         E       F
            +---------+---------+-------+---------+---------+-------
      Total |      97 |       0 |   0.0 |      46 |       0 |   0.0
            +---------+---------+-------+---------+---------+-------
        D:1 |      52 |       0 |   0.0 |      29 |       0 |   0.0
        D:2 |      27 |       0 |   0.0 |      14 |       0 |   0.0
        D:3 |      18 |       0 |   0.0 |       3 |       0 |   0.0
            +---------+---------+-------+---------+---------+-------
